[Event "Baku Open 2024"]
[Site "Baku"]
[Date "2024.06.30"]
[Round "2.11"]
[White "Shyam, Sundar M."]
[Black "Aarav Sinha"]
[Result "1/2-1/2"]
[ECO "D00"]
[WhiteElo "2493"]
[BlackElo "2300"]
[Annotator "TA"]
[PlyCount "43"]
[EventDate "2024.06.29"]
[EventType "swiss"]
[EventCountry "AZE"]
[SourceTitle "playchess.com"]
[Source "ChessBase"]
[SourceQuality "1"]
[TimeControl "5400+30"]

1. d4 Nf6 2. Bg5 d5 3. Bxf6 exf6 4. e3 Bd6 5. Bd3 c6 6. Nd2 O-O 7. Qf3 Re8 8. Ne2 g6 (8... Na6 $11) 9. g4 $14 {[%emt 0:03:57] White is slightly better.} Bf8 10. Nf4 Be6 11. h4 {[%emt 0:18:18] White is more active.} c5 12. Nxe6 Rxe6 13. h5 ({Better is} 13. dxc5 $16 {h5 would now be deadly.} Nc6 14. O-O-O) 13... cxd4 $11 14. hxg6 hxg6 15. O-O-O (15. e4 $11) 15... Nc6 16. Bf5 Re8 {[%emt 0:07:08] [#] Threatens to win with ...Bg7.} (16... gxf5 $2 17. gxf5 Re5 18. Qh5 $18) (16... dxe3 {seems wilder.} 17. Ne4 e2 18. Qxe2 Re5) 17. Nb3 dxe3 $15 {[%emt 0:14:52] White must now prevent ...e2.} (17... gxf5 18. gxf5 (18. Qxf5 Bg7 $17) 18... Bg7 19. Rdg1 $18 (19. Nxd4 Nxd4 20. exd4 Re4 $18) (19. exd4 Qd6 $18)) 18. fxe3 Bg7 (18... gxf5 19. gxf5 Bg7 20. Rdg1 $11) 19. Qh3 {[%emt 0:11:25] Against Qe7} Qb6 ({Black should play} 19... Qe7 $19 20. Rde1 Rad8 (20... gxf5 21. gxf5 Kf8 22. Qh7 $15)) 20. Nd4 $17 Nxd4 (20... Re7 $17 {And now ...Rae8 would win.} 21. c3 Nxd4 22. Rxd4 Rae8) 21. exd4 $15 Qd6 (21... a5 $5) 22. Kb1 {[%emt 0:11:23] Weighted Error Value: White=0.34/Black=0.28 (precise) .  Mistake:       	White=4     	Black=3      Inaccurate:     	White=2     	Black=4      OK:         	White=2     	Black=2      Best:        	White=2     	Black=2} 1/2-1/2

[Event "Baku Open 2024"]
[Site "Baku"]
[Date "2024.06.30"]
[Round "2.12"]
[White "Akhilbay, Imangali"]
[Black "Movahed, Sina"]
[Result "0-1"]
[ECO "A13"]
[WhiteElo "2303"]
[BlackElo "2482"]
[Annotator "TA"]
[PlyCount "104"]
[EventDate "2024.06.29"]
[EventType "swiss"]
[EventCountry "AZE"]
[SourceTitle "playchess.com"]
[Source "ChessBase"]
[SourceQuality "1"]
[TimeControl "5400+30"]

1. c4 e6 2. g3 d5 3. Bg2 d4 4. Nf3 c5 5. e3 Nc6 6. exd4 {[%emt 0:00:07] A13: English Opening: 1...e6.} cxd4 7. O-O Bd6 8. d3 Nge7 9. Na3 $146 ({Predecessor:} 9. Re1 O-O 10. Nbd2 a5 11. a3 Ng6 12. Rb1 h6 13. Qc2 Be7 14. h4 f5 15. h5 {1-0 Mareco,S (2614)-Garcia Ramos,D (2468) ESP-chT CECLUB Div2 2023 (3.2)}) 9... O-O 10. Nc2 Nf5 11. a3 a5 12. b3 Rb8 13. Rb1 b5 14. Nd2 Bd7 15. b4 (15. cxb5 $14 Rxb5) 15... Ne5 (15... axb4 $11 16. axb4 bxc4 17. Nxc4 Bc7) 16. c5 $16 Bc7 17. Qe2 Bc6 18. Ne4 Bd5 (18... a4 $1 $11 {keeps the balance.}) 19. f4 (19. bxa5 $16 Bxa5 20. Bf4) 19... Nc6 $11 20. Qf2 (20. Ng5 {feels hotter.} Qd7 21. Bxd5 Qxd5 22. g4) 20... axb4 21. Nxb4 Nxb4 22. Rxb4 Ba5 23. Rb1 Bc3 24. Rd1 Qe7 ({Black should play} 24... b4 $17 {aiming for ...bxa3.} 25. axb4 Bxb4) 25. Bh1 (25. g4 $11 Bxe4 (25... Nh4 26. f5 $14) 26. Bxe4) 25... Rfd8 (25... h5 $17 26. Bd2 Bxd2 27. Rxd2 g6) 26. g4 $15 Nh6 $1 27. h3 f5 ({Better is} 27... Bxe4 $15 28. dxe4 f6 (28... Qxc5 29. g5 $16)) 28. Nxc3 $11 dxc3 29. g5 $1 Nf7 30. d4 Bxh1 31. Kxh1 e5 32. fxe5 Qb7+ (32... Nxg5 $2 33. Bxg5 Qxg5 34. Rd3 $18) 33. Kh2 Nxe5 34. Bf4 (34. Rb3 $1 $11 {remains equal.}) 34... Nf3+ $1 $17 35. Kg3 Nd2 $1 36. Rxd2 cxd2 37. Qxd2 Ra8 38. Qe3 Qe4 (38... Qd5 $1 $19 39. Rb4 Qa2 40. Qb3+ Qxb3+ 41. Rxb3 Rxd4) 39. Qxe4 $15 fxe4 40. c6 Rxd4 41. Rxb5 Rc4 (41... Rxa3+ 42. Kg4 e3 43. Rb8+ (43. c7 Rc3 $15) 43... Kf7 44. c7) 42. c7 Rxa3+ 43. Kg4 Rac3 44. Be5 Rc2 45. Kf5 Kf7 $1 46. Kf4 ({White should try} 46. Rb7 $15 g6+ 47. Kf4) 46... Rf2+ $17 47. Ke3 $2 (47. Kg3 $17 Rf5 48. Rb4) 47... Rf3+ $19 48. Ke2 Ke6 $2 (48... Rc2+ 49. Kd1 Rg2) 49. Rb4 $19 Rc2+ (49... Rxb4 $2 50. c8=Q+ (50. c8=B+ Kxe5 51. Bg4 Rb2+ 52. Ke1 Rff2 53. h4 e3 54. Bd1 Rb1 55. g6 Rd2 56. gxh7 Rbxd1#) 50... Kxe5 51. Qc5+ Kf4 52. Qf8+ (52. Qxb4 Re3+ 53. Kf1 Rf3+ 54. Kg1 Kxg5 $18) 52... Kxg5 53. Qxg7+ (53. Qxb4 Rf5 $18) 53... Kf5 54. Qf8+ (54. Qxh7+ Kf6 $11) 54... Kg6 55. Qxb4 $18) 50. Kd1 {[%emt 0:00:02] [#]} Rc5 $1 51. Rxe4 {[%emt 0:00:44] [#]} (51. Ke1 {was necessary.}) 51... Kf5 $1 $19 ({And not} 51... Rxe5 52. c8=Q+ (52. c8=B+ $2 {is the wrong capture.} Kd6 $19) 52... Kd5 53. Qa8+ Kd6 54. Rd4+ (54. Qb8+ Kc6 55. Rxe5 Rf1+ 56. Ke2 Rf7 57. Qe8+ Kd6 58. Qe6+ Kc7 59. Rc5+ Kb8 60. Qxf7 g6 61. Qc7+ Ka8 62. Ra5#) 54... Ke7 55. Qxf3 Ke8 56. Qb7) 52. Bd6 $2 (52. Re2 $19) 52... Rd3+ (52... Kxe4 $2 {too greedy.} 53. Bxc5 Kd3 54. Ke1 $18 (54. c8=B $2 Rf1#)) 0-1

[Event "Baku Open 2024"]
[Site "Baku"]
[Date "2024.06.30"]
[Round "2.13"]
[White "Ahmadzada, Ahmad"]
[Black "Novozhilov, Semen"]
[Result "1-0"]
[ECO "B62"]
[WhiteElo "2481"]
[BlackElo "2288"]
[Annotator "RC"]
[PlyCount "59"]
[EventDate "2024.06.29"]
[EventType "swiss"]
[EventCountry "AZE"]
[SourceTitle "playchess.com"]
[Source "ChessBase"]
[SourceQuality "1"]
[TimeControl "5400+30"]

1. e4 c5 2. Nf3 d6 3. d4 cxd4 4. Nxd4 Nf6 5. Nc3 Nc6 6. Bg5 e6 7. Qd3 Bd7 8. O-O-O a6 9. f4 Qb6 10. Nxc6 Bxc6 11. f5 Qa5 12. Bxf6 gxf6 13. Qh3 exf5 14. Bc4 O-O-O 15. Rhf1 Kb8 16. Rxf5 Qb4 17. Qd3 Rg8 18. g3 Rg5 19. a3 Qb6 20. Rf3 f5 21. Rxf5 Rxf5 22. exf5 d5 23. Nxd5 Qc5 24. Qd4 Qd6 25. Kb1 Qh6 26. Qe5+ Ka7 27. Qc7 Rd7 28. Qb6+ Kb8 29. Re1 Rd6 30. Bxa6 1-0

[Event "Baku Open 2024"]
[Site "Baku"]
[Date "2024.06.30"]
[Round "2.14"]
[White "Khamdamova, Afruza"]
[Black "Tsaruk, Maksim"]
[Result "1/2-1/2"]
[ECO "B01"]
[WhiteElo "2291"]
[BlackElo "2480"]
[Annotator "TA"]
[PlyCount "154"]
[EventDate "2024.06.29"]
[EventType "swiss"]
[EventCountry "AZE"]
[SourceTitle "playchess.com"]
[Source "ChessBase"]
[SourceQuality "1"]
[TimeControl "5400+30"]

1. e4 d5 2. exd5 Nf6 3. Nf3 Bg4 4. Bb5+ Nbd7 5. h3 a6 6. Ba4 Bf5 7. c4 e6 8. dxe6 Bxe6 9. d3 Bb4+ 10. Bd2 Bxd2+ 11. Nbxd2 O-O 12. O-O Nc5 13. d4 Nxa4 14. Qxa4 b5 15. Qc2 bxc4 16. Nxc4 a5 17. Nce5 h6 18. Nc6 Qd6 19. Qc5 Nd5 20. Nce5 Nf4 21. Rfe1 Bd5 22. Re3 Rfb8 23. b3 a4 24. Rc1 axb3 25. axb3 Bxb3 26. Nc6 (26. Qxc7 Qxc7 27. Rxc7 $19) 26... Rb6 27. Qxd6 cxd6 28. Ne7+ Kh7 29. Nc8 (29. Rb1 $1 $11 {remains equal.} Rab8 30. g3) 29... Rbb8 ({Black should play} 29... Rba6 $1 $17) 30. Nxd6 $11 Bd5 31. Ne4 Rb2 32. Nc3 Rc8 33. Rce1 Bb7 34. Na4 Ra2 35. Nc5 Bd5 36. Rd1 g5 37. Nd3 Rcc2 38. Nfe1 Rd2 $1 39. Rxd2 Rxd2 40. Nxf4 gxf4 41. Rd3 Re2 42. Rd1 Kg6 43. Nd3 Kf5 44. f3 Bc4 45. Nc5 Rc2 46. Re1 (46. Ne4 $16 {And now d5 would win.} Bd5 47. Rb1) 46... Rd2 $14 47. Re5+ Kg6 48. Re4 Kg5 (48... Rd1+ $11 49. Kh2 Kg5) 49. h4+ $1 $16 Kxh4 50. Rxf4+ Kh5 (50... Kg5 $16 {was necessary.} 51. Ne4+ Kxf4 52. Nxd2 Ba2) 51. Ne4 $18 Rd1+ 52. Kh2 (52. Kf2 $18 {Intending Rg4 and mate.} Be6 53. Rf6 Rxd4 54. g4+ Bxg4 55. Rf4 (55. fxg4+ Kxg4 56. Ke3 Rd1 $16) 55... Bxf3 56. Nf6+ (56. Kxf3 Rd3+ 57. Ke2 Ra3 $14) (56. Rxf3 Rxe4 57. Rxf7 Kg4 $11) 56... Kg6 57. Rxd4) 52... Bd3 $16 53. Nf2 ({Reject} 53. Rxf7 $6 Bxe4 54. fxe4 Rxd4 $14) 53... Rd2 54. Nxd3 $1 Rxd3 55. Rxf7 Rxd4 56. Rg7 Rb4 57. Kg3 Rb3 58. Kf4 (58. Rg8 $16) 58... Rb4+ 59. Kf5 Rb5+ 60. Kf6 Rb6+ 61. Kf7 Kh4 {[%emt 0:01:21] [#]} 62. Rg4+ $1 Kh5 {[%emt 0:00:02] [#]} 63. Rg7 $2 ({Only move:} 63. Rg3 $1 $18) 63... Kh4 $11 64. Rg6 Rb7+ 65. Kg8 (65. Kf6 $5 h5 $8 66. f4 Rb6+ 67. Kf7 Rb7+ 68. Kf6 Rf7+ 69. Ke6 Re7+ 70. Kd6 Rd7+ 71. Kc6 Rc7+ 72. Kd5 $11) 65... h5 $1 66. g3+ Kh3 67. f4 Rb5 68. Kh7 (68. Kg7 $5 h4 $8 69. gxh4 (69. g4 Kg3 $11) 69... Kxh4 70. Kf6 $11) 68... h4 69. gxh4 Kxh4 70. Rf6 Kh5 71. Rf7 Kg4 72. Kg6 Rb6+ 73. Kg7 Rb5 74. Kg6 Rb6+ 75. Kg7 Rb5 76. Kg6 Rb6+ 77. Kg7 Rb5 1/2-1/2

[Event "Baku Open 2024"]
[Site "Baku"]
[Date "2024.06.30"]
[Round "2.15"]
[White "Assaubayeva, Bibisara"]
[Black "Moosavifar, Seyed Abolfazl"]
[Result "1/2-1/2"]
[ECO "C50"]
[WhiteElo "2472"]
[BlackElo "2283"]
[Annotator "TA"]
[PlyCount "71"]
[EventDate "2024.06.29"]
[EventType "swiss"]
[EventCountry "AZE"]
[SourceTitle "playchess.com"]
[Source "ChessBase"]
[SourceQuality "1"]
[TimeControl "5400+30"]

1. e4 e5 2. Nf3 Nc6 3. Bc4 Bc5 4. Nc3 d6 5. Na4 Qf6 6. Nxc5 dxc5 7. O-O Bg4 8. Be2 Nge7 9. d3 h6 10. Be3 b6 11. Nd2 Bxe2 12. Qxe2 Nd4 13. Qd1 Ng6 14. a4 O-O 15. g3 Qc6 16. c3 Ne6 17. Nc4 Rad8 18. h4 Nef4 19. gxf4 exf4 {[%emt 0:00:01][%cal Oc6e6] [#] And now ...Qe6! would win.} 20. h5 f5 {[%emt 0:00:46][%cal Of5e4] Inhibits Qg4.} 21. Qf3 Rxd3 (21... fxe3 22. hxg6 e2 23. Qxe2 Qxg6+ 24. Kh2 fxe4 25. f4 (25. dxe4 $2 Rf4 $19) 25... exf3 26. Rxf3 $11) 22. hxg6 fxe4 23. Ne5 (23. Qg4 $5 Rd5 24. Bxf4 Rxf4 25. Qxf4 Qxg6+ 26. Qg3 $14) 23... exf3 24. Nxc6 fxe3 25. fxe3 (25. Nxa7 $2 {is the wrong capture.} e2 26. Rfe1 Rf6 $19) 25... Rf6 26. Nxa7 Rxe3 27. Rad1 {[%emt 0:00:00] [#] Hoping for Rd8+.} Rxg6+ 28. Kf2 Re2+ 29. Kxf3 Rxb2 30. Nb5 c6 31. Nd6 ({Not} 31. Rd8+ $2 Kh7 32. Ke4 (32. Rd6 $2 cxb5 33. Rxg6 Kxg6 $19) 32... Re6+ (32... cxb5 $2 33. axb5 Rg4+ 34. Ke5 $19) 33. Kd3 (33. Kf5 $2 Rf6+ 34. Ke4 Rxf1 $19) 33... cxb5 $19) 31... Ra2 $1 32. Nc8 {[%emt 0:00:00] The position is equal.} Rf6+ 33. Kg3 {[%emt 0:00:00] Threatens to win with Rxf6.} Rxf1 34. Rxf1 b5 35. axb5 cxb5 36. Rf5 {[%emt 0:06:23] Weighted Error Value: White=0.05 (flawless) /Black=0.05 (flawless) .  Inaccurate:     	White=2     	Black=1      OK:         	White=16    	Black=12     Best:        	White=1     	Black=5      Strong:       	---       	Black=1} 1/2-1/2

[Event "Baku Open 2024"]
[Site "Baku"]
[Date "2024.06.30"]
[Round "2.16"]
[White "Shuvalova, Polina"]
[Black "Suleymanli, Suleyman"]
[Result "0-1"]
[ECO "C14"]
[WhiteElo "2467"]
[BlackElo "2262"]
[Annotator "TA"]
[PlyCount "68"]
[EventDate "2024.06.29"]
[EventType "swiss"]
[EventCountry "AZE"]
[SourceTitle "playchess.com"]
[Source "ChessBase"]
[SourceQuality "1"]
[TimeControl "5400+30"]

1. e4 e6 2. d4 d5 3. Nc3 Nf6 4. Bg5 Be7 5. e5 Nfd7 6. h4 h6 7. Bxe7 Qxe7 8. f4 a6 9. Nf3 c5 10. Qd2 Nc6 {[%emt 0:00:29] The position is equal.} 11. Ne2 b5 12. c3 Nb6 13. dxc5 Nc4 14. Qc1 {[%emt 0:02:07] b3 is the strong threat.} Qxc5 15. Ned4 Nxd4 16. Nxd4 O-O 17. b3 $1 Nb6 18. Qd2 f6 19. exf6 Rxf6 20. Be2 Bd7 21. O-O Raf8 22. g3 Nc8 23. Qe3 Nd6 24. Rac1 Ne4 25. Bd3 Rg6 26. Bxe4 dxe4 27. Kg2 Bc6 28. c4 {[%emt 0:04:16] aiming for cxb5.} b4 29. Rce1 {[%emt 0:01:37] And now Nxc6 would win.} Bb7 30. Nc2 Qa5 {[%emt 0:02:09][%cal Of8d8] Strongly threatening ...Rd8!} 31. Rf2 $2 {[%emt 0:01:33][%mdl 8192] [#] Loses the game.} (31. Rd1 $11) 31... Rd8 $1 $19 {[%emt 0:00:38][%cal Od8d3] ...Rd3! would now be deadly.} 32. Kh2 $2 (32. Qa7 e3+ 33. Qxb7 exf2 34. Kxf2 Qxa2 35. h5 Rd2+ (35... Qxc2+ 36. Re2 $17) 36. Kf3) 32... Rd3 $1 ({Weaker is} 32... Qxa2 33. Qb6 Rd7 34. Qxb4 $14) 33. Qa7 Rdxg3 34. c5 {[%emt 0:03:51] [#]} Qd8 $1 {[%emt 0:00:15] Weighted Error Value: White=0.60/Black=0.05 (flawless) .  Loses game:     	White=1     	---        Mistake:       	White=1     	---        Inaccurate:     	White=3     	Black=2      OK:         	White=11    	Black=8      Best:        	---       	Black=2      Strong:       	White=1     	Black=2} 0-1

[Event "Baku Open 2024"]
[Site "Baku"]
[Date "2024.06.30"]
[Round "2.17"]
[White "Rustamov, Rustam"]
[Black "Ilamparthi A R"]
[Result "1/2-1/2"]
[ECO "C41"]
[WhiteElo "2285"]
[BlackElo "2446"]
[Annotator "TA"]
[PlyCount "101"]
[EventDate "2024.06.29"]
[EventType "swiss"]
[EventCountry "AZE"]
[SourceTitle "playchess.com"]
[Source "ChessBase"]
[SourceQuality "1"]
[TimeControl "5400+30"]

1. e4 d6 2. d4 Nf6 3. Nc3 e5 4. Nf3 Nbd7 5. Bc4 Be7 6. O-O O-O 7. a4 c6 8. Ba2 h6 9. Re1 Re8 10. h3 a5 11. Be3 exd4 12. Bxd4 Nf8 $1 13. e5 dxe5 14. Bxe5 Be6 15. Bxe6 Nxe6 16. Nd4 (16. Ne2 {simplifies} Nd7 17. Bc3 Bf6 18. Bxf6 Nxf6 19. Qxd8 Raxd8 20. Nc3) 16... Bb4 17. Nf5 Nd7 18. Bg3 Nb6 19. Qg4 Qg5 20. Red1 ({White should play} 20. Qf3 $11) 20... Qxg4 $15 21. hxg4 Nc4 22. Na2 Nxb2 23. Rdb1 Nxa4 {[%emt 0:00:23] White must now prevent ...Nc3.} 24. Nxb4 axb4 (24... Nc3 $5 25. Nd3 Nxb1 26. Rxb1 a4 $16) 25. Nd6 $1 Red8 {[%emt 0:11:26] [#] Strongly threatening ...c5.} 26. Rxb4 Nac5 27. Rxa8 Rxa8 28. Nxb7 Ra1+ 29. Kh2 Nxb7 30. Rxb7 $11 {[%emt 0:00:41][%mdl 4096] Endgame. KRB-KRN} Ra2 31. c3 Rc2 32. f4 Rxc3 33. Rb8+ Kh7 34. Rb7 {[%emt 0:00:24] Inhibits Nc7.} Rc4 35. Rxf7 Kg8 36. Rf5 Rd4 37. Ra5 Nxf4 38. Rc5 Ne2 39. Rxc6 Rxg4 40. Be1 Rg5 {[%emt 0:01:15] [#] ( -> ...Rh5+)} 41. g3 Nd4 42. Rc8+ Kh7 {[%emt 0:00:04] ...Nf3+ would now be deadly.} 43. Bf2 Nf3+ 44. Kg2 {[%emt 0:00:17] The position is equal.} Nh4+ 45. Kh3 Ng6 46. Rc5 Ne5 47. Be3 Rh5+ 48. Kg2 {[%emt 0:00:05] Threatens to win with Bf4.} Kg6 49. Bd4 Kf6 50. Rc6+ Kf7 51. Rc7+ {[%emt 0:00:19] Weighted Error Value: White=0.06 (flawless) /Black=0.05 (flawless) .  Mistake:       	White=1     	---        Inaccurate:     	White=1     	Black=2      OK:         	White=22    	Black=23     Best:        	White=4     	Black=1      Strong:       	White=1     	Black=1} 1/2-1/2

[Event "Baku Open 2024"]
[Site "Baku"]
[Date "2024.06.30"]
[Round "2.18"]
[White "Dolgun, Can"]
[Black "Manafov, Vugar"]
[Result "0-1"]
[ECO "B41"]
[WhiteElo "2264"]
[BlackElo "2430"]
[Annotator "RC"]
[PlyCount "85"]
[EventDate "2024.06.29"]
[EventType "swiss"]
[EventCountry "AZE"]
[SourceTitle "playchess.com"]
[Source "ChessBase"]
[SourceQuality "1"]
[TimeControl "5400+30"]

1. e4 c5 2. Nf3 e6 3. d4 cxd4 4. Nxd4 a6 5. c4 Nf6 6. Nc3 Qc7 7. Be2 b6 8. Be3 Bb7 9. f3 Be7 10. Qd2 d6 11. O-O O-O 12. Rfc1 Nbd7 13. b4 Rac8 14. Rab1 Qb8 15. a4 Ne5 16. Qa2 Bd8 17. h3 Re8 18. b5 a5 19. f4 Ned7 20. Nc6 Bxc6 21. bxc6 Rxc6 22. Bf3 e5 23. f5 h6 24. h4 Be7 25. g4 Nh7 26. Qh2 Qd8 27. Bf2 Rxc4 28. Be2 Rc8 29. Bb5 Rf8 30. Bxd7 Qxd7 31. Nd5 Nf6 32. Nxb6 Rxc1+ 33. Rxc1 Qb7 34. g5 Nxe4 35. Qg2 hxg5 36. hxg5 d5 37. f6 Bd8 38. fxg7 Kxg7 39. Qh2 Nxf2 40. Qxe5+ Kg8 41. Nxd5 Nd3 42. Qe4 Qa7+ 43. Kh2 0-1

[Event "Baku Open 2024"]
[Site "Baku"]
[Date "2024.06.30"]
[Round "2.19"]
[White "Suyarov, Mukhammadzokhid"]
[Black "Suleimen, Ergali"]
[Result "1/2-1/2"]
[ECO "B52"]
[WhiteElo "2430"]
[BlackElo "2254"]
[Annotator "RC"]
[PlyCount "47"]
[EventDate "2024.06.29"]
[EventType "swiss"]
[EventCountry "AZE"]
[SourceTitle "playchess.com"]
[Source "ChessBase"]
[SourceQuality "1"]
[TimeControl "5400+30"]

1. e4 c5 2. Nf3 d6 3. Bb5+ Bd7 4. Bxd7+ Qxd7 5. c4 Nf6 6. Nc3 g6 7. d4 cxd4 8. Nxd4 Bg7 9. f3 O-O 10. Be3 Nc6 11. O-O a6 12. Qd3 Rfc8 13. b3 b5 14. cxb5 Ne5 15. Qd2 d5 16. f4 Rxc3 17. Qxc3 Nxe4 18. Qe1 Ng4 19. Rc1 axb5 20. Nf3 Rxa2 21. h3 d4 22. Bd2 Nxd2 23. Nxd2 Ne3 24. Rf2 1/2-1/2

[Event "Baku Open 2024"]
[Site "Baku"]
[Date "2024.06.30"]
[Round "2.20"]
[White "Guliev, Logman"]
[Black "Stribuk, Artiom"]
[Result "0-1"]
[ECO "B67"]
[WhiteElo "2257"]
[BlackElo "2422"]
[Annotator "RC"]
[PlyCount "92"]
[EventDate "2024.06.29"]
[EventType "swiss"]
[EventCountry "AZE"]
[SourceTitle "playchess.com"]
[Source "ChessBase"]
[SourceQuality "1"]
[TimeControl "5400+30"]

1. e4 c5 2. Nf3 d6 3. d4 cxd4 4. Nxd4 Nf6 5. Nc3 Nc6 6. Bg5 e6 7. Qd2 a6 8. O-O-O Bd7 9. f4 Be7 10. Kb1 h6 11. Bxf6 Bxf6 12. Nf3 Be7 13. g4 Qc7 14. h4 O-O-O 15. Rh3 Kb8 16. Rg3 g5 17. hxg5 hxg5 18. Nxg5 Bxg5 19. fxg5 d5 20. Qf2 d4 21. Ne2 Bc8 22. Nc1 Rhg8 23. Nd3 Rxg5 24. Rf3 Rf8 25. Qh4 Rfg8 26. Bh3 e5 27. Qf2 R8g7 28. Qd2 Bxg4 29. Bxg4 Rxg4 30. a3 Ka7 31. Re1 Rg2 32. Re2 Rg1+ 33. Ka2 Na5 34. Qb4 Rd1 35. Re1 Rxe1 36. Qxe1 Nc4 37. Qb4 Rg2 38. Rf2 Rxf2 39. Nxf2 Ne3 40. c3 dxc3 41. bxc3 Qc4+ 42. Qxc4 Nxc4 43. Kb3 b5 44. Ng4 Kb6 45. Nh6 f6 46. Kc2 Nd6 0-1

[Event "Baku Open 2024"]
[Site "Baku"]
[Date "2024.07.01"]
[Round "3.1"]
[White "Mamedov, Rauf"]
[Black "Mamedov, Edgar"]
[Result "1/2-1/2"]
[ECO "C55"]
[WhiteElo "2651"]
[BlackElo "2410"]
[Annotator "TA"]
[PlyCount "108"]
[EventDate "2024.06.29"]
[EventType "swiss"]
[EventCountry "AZE"]
[SourceTitle "playchess.com"]
[Source "ChessBase"]
[SourceQuality "1"]
[TimeControl "5400+30"]

1. e4 e5 2. Nf3 Nc6 3. Bc4 Nf6 4. d3 Be7 5. Nc3 O-O 6. O-O d6 7. a3 Bg4 8. h3 Bh5 9. Be3 {[%emt 0:03:57] The position is equal.} Kh8 10. Nd5 Nxd5 11. Bxd5 Qc8 12. g4 Bg6 13. Kh2 Nd8 14. Rg1 c6 15. Bb3 f6 16. c3 Bf7 17. Bxf7 Nxf7 18. Qb3 Qd7 19. c4 Ng5 20. Nxg5 fxg5 21. Kg2 h6 22. Rgd1 a5 23. a4 c5 24. f3 Kg8 25. Rf1 Rf7 26. Qb5 Qc6 27. Ra3 Bd8 28. Raa1 Ra6 29. Qb3 Ra8 30. Bd2 Qd7 31. Qd1 Qe6 32. Ra3 Qd7 33. Qe1 Ra7 34. Rb3 Ra8 ({Of course not} 34... Qxa4 $6 35. Rb5 Ra6 36. Rf2 $16) 35. Rb5 b6 36. Be3 Ra7 37. Bf2 Qe6 38. Bg3 Qf6 39. Rb3 Rf8 40. Rc3 Raf7 41. Rc2 Qe6 42. Rcf2 Qd7 43. Qd1 Kh8 44. Rh1 Kg8 45. Qb3 Qc7 46. Qb5 Qb7 47. Rff1 Qc8 48. Rf2 Qb7 49. Re1 Qc8 50. Qb3 Qd7 51. Qb5 Qc8 52. Qb3 Qd7 53. Qb5 Qc8 54. Qb3 Qd7 {[%emt 0:00:08] An uneventful encounter.   Weighted Error Value: White=0.03 (flawless) /Black=0.03 (flawless) .  OK:         	White=16    	Black=8} 1/2-1/2

[Event "Baku Open 2024"]
[Site "Baku"]
[Date "2024.07.01"]
[Round "3.2"]
[White "Puranik, Abhimanyu"]
[Black "Balajayeva, Khanim"]
[Result "1-0"]
[ECO "C54"]
[WhiteElo "2632"]
[BlackElo "2385"]
[Annotator "TA"]
[PlyCount "85"]
[EventDate "2024.06.29"]
[EventType "swiss"]
[EventCountry "AZE"]
[SourceTitle "playchess.com"]
[Source "ChessBase"]
[SourceQuality "1"]
[TimeControl "5400+30"]

1. e4 e5 2. Nf3 Nc6 3. Bc4 Nf6 4. d3 Bc5 5. O-O d6 6. c3 a5 {[%emt 0:00:51] C54: Giuoco Piano: 4 c3 Nf6, main lines with 5 d4 and 5 d3.} 7. Nbd2 O-O 8. Re1 Be6 9. Bb5 Ba7 10. Nf1 Ne7 11. d4 Ng6 12. h3 $1 c6 13. Ba4 Nh5 14. Bg5 $146 ({Predecessor:} 14. Bc2 Nhf4 15. Ng3 Qd7 16. Nf5 f6 17. Be3 Rfd8 18. Kh2 Bf7 19. g3 Ne6 20. Qe2 {0-1 Kollars,D (2648)-Horvath,D (2488) Olympiad-44 Chennai 2022 (3.4)}) 14... f6 15. Be3 Nhf4 16. Bb3 Qe7 17. Ng3 d5 18. dxe5 (18. Bc2 $11) 18... fxe5 $17 19. exd5 Bxd5 $2 (19... cxd5 $17 {[%cal Oa5a4] Strongly threatening ...a4!} 20. Bxa7 Rxa7 21. Nxe5 Nh4) 20. Bxf4 $14 (20. Bxd5+ cxd5 21. Bxf4 Nxf4 $11) 20... Nxf4 21. Rxe5 Qc7 22. Bxd5+ Nxd5 23. Nf5 Bb8 (23... Rfe8 $142 24. Rxe8+ Rxe8) 24. N5d4 Qb6 25. Re2 Nf4 26. Re7 a4 $2 (26... c5 $16 27. Qb3+ Qxb3 28. Nxb3 a4) 27. Nf5 $18 Kh8 $2 {[%emt 0:07:46] [#]} (27... Rxf5 28. Qd7 Qc7) 28. Ng5 $2 (28. Nxg7 Ba7 29. Qe1 (29. Qxa4 $2 Qxf2+ 30. Kh2 Qxg2#) 29... Qc5 $11) (28. Qd7 $1 $18 Qd8 (28... Qb5 29. Re8) 29. Re8 (29. Qxb7 Ra7 $17) (29. Nxg7 Bd6 $16)) 28... Ba7 $1 $14 29. Qd4 $1 (29. Nxg7 $2 Qxf2+ 30. Kh2 Qxg2#) 29... Qxd4 30. Nxd4 a3 31. bxa3 Nd5 (31... h6 $142 32. Ngf3 Bxd4 33. Nxd4 Rxa3) 32. Rxb7 $16 Nxc3 33. Nde6 (33. Nxc6 $6 Bxf2+ 34. Kh1 h6 $14) (33. Ngf3 $16) 33... Ne2+ $2 ({Black should try} 33... Rf6 $14) 34. Kh1 $18 Rxf2 35. Ne4 $1 (35. Rxg7 Rf1+ (35... Ng3+ $2 36. Kh2 $18) 36. Rxf1 Ng3+ 37. Kh2 Nxf1+ 38. Kh1 Ng3+ 39. Kh2 Nf1+ 40. Kh1 Ng3+ 41. Kh2 Nf1+ $11) 35... Rf5 36. Nc7 ({Not} 36. Rxg7 Nd4 $16) (36. Nxg7 Rf4 37. Nd2 Ng3+ 38. Kh2 Rf2 39. Kxg3 Rxd2 $11) 36... Rf7 {[%emt 0:00:55] [#]} 37. Rab1 $1 Raf8 38. Rxa7 h6 39. Rab7 Re7 40. Nc5 ({Weaker is} 40. Rb8 Rxb8 41. Rxb8+ Kh7 $16) 40... Ng3+ 41. Kh2 Nf1+ 42. Kg1 Nd2 43. Rb8 1-0